 Dungeon Crawl Stone Soup version 0.23.0 (webtiles) character file.

Game seed: 13915739989519752161

302 zishaf the Sneak (level 6, -4/32 HPs)
             Began as a Vine Stalker Assassin on Feb 18, 2019.
             Slain by Grinder (5 damage)
             ... on level 3 of the Dungeon.
             The game lasted 00:05:56 (3139 turns).

zishaf the Sneak (Vine Stalker Assassin)            Turns: 3139, Time: 00:05:56

Health: -4/32      AC:  6    Str: 15    XL:     6   Next: 37%
Magic:  0/7        EV: 18    Int: 11    God:
Gold:   148        SH:  0    Dex: 21    Spells: 5/5 levels left

rFire    + . .     SeeInvis .   a - +2 dagger
rCold    + . .     Gourm    .   (no shield)
rNeg     . . .     Faith    .   k - +0 leather armour
rPois    .         Spirit   +   (no helmet)
rElec    .         Reflect  .   q - scarf {rC+ rF+}
rCorr    .         Harm     .   p - +1 pair of gloves
MR       .....                  w - +0 pair of boots
Stlth    ++++......             (no amulet)
HPRegen  0.50/turn              (no ring)
MPRegen  0.10/turn              (no ring)

@: agile
A: fangs 2, regeneration 1, magic shield, antimagic bite, no potion heal 3, rot
immunity
a: no special abilities


You were on level 3 of the Dungeon.
You were not hungry.

You visited 1 branch of the dungeon, and saw 3 of its levels.

You collected 148 gold pieces.

Inventory:

Hand Weapons
 a - a +2 dagger (weapon)
 b - a +0 blowgun
Missiles
 e - 28 poisoned needles
 f - 2 curare-tipped needles {!f}
 m - 96 stones (quivered)
Armour
 k - a +0 leather armour (worn)
 p - a +1 pair of gloves (worn)
 q - a scarf of resistance (worn)
 w - a +0 pair of boots (worn)
Scrolls
 c - a scroll of remove curse {unknown}
 i - 9 scrolls of identify {unknown}
 j - a scroll of fog {unknown}
 l - a scroll of teleportation {unknown}
 n - a scroll of blinking {unknown}
 t - a scroll of magic mapping {unknown}
Potions
 d - a potion of might {unknown}
 h - 2 potions of flight {unknown}
 o - a potion of mutation {unknown}
 s - a potion of degeneration {unknown}
 v - a potion of heal wounds {unknown}
 x - a potion of curing {unknown}
Comestibles
 g - 4 rations
 r - 14 chunks of flesh


   Skills:
 + Level 2.8 Fighting
 * Level 3.6 Short Blades
 - Level 2.0 Throwing
 + Level 1.6 Armour
 + Level 2.1 Dodging
 + Level 5.9 Stealth


You had 5 spell levels left.
You didn't know any spells.
Your spell library was empty.

Dungeon Overview and Level Annotations

Branches:
Dungeon (3/15)

Altars:
Qazlal

Annotations:
D:3 Grinder


Innate Abilities, Weirdness & Mutations

You have extremely sharp teeth.
Your natural rate of healing is unusually fast.
When hurt, damage is shared between your health and your magic reserves.
Your bite disrupts and absorbs the magic of your enemies.
Potions cannot restore your health.
You are immune to rotting.


Message History

You hit Grinder but do no damage. Your bite misses Grinder.
Grinder is severely wounded.
Grinder hits you!
* * * LOW HITPOINT WARNING * * *
You writhe in agony.
* * * LOW HITPOINT WARNING * * *
You hit Grinder but do no damage.
Grinder is severely wounded.
Grinder closely misses you.
You hit Grinder but do no damage. You bite Grinder.
Grinder's magic leaks into the air.
You drain her magic.
You feel invigorated.
Grinder is severely wounded.
Grinder hits you.
* * * LOW HITPOINT WARNING * * *
You writhe in agony.
* * * LOW HITPOINT WARNING * * *
You hit Grinder.
Grinder is severely wounded.
Grinder hits you.
You die...

#.#.#.# #.......##.......#
#
#)#.#.####...#.######.[###
# #.#........#.#.######..#
# #<###.####...#.........#
# #.###.# ##.##########.#
# #.....# #.......# #.# #
#######
#!...##.####.######
##.#.........#.....
#@####.######.#### #5# #.#
#.# # #.. ..# #.# ########
#.# #.# #.# ##.####
#...... #..##..


You could see Grinder.

Vanquished Creatures
  Crazy Yiuf (D:2)
  3 orc wizards (D:3)
  4 gnolls
  3 adders (D:2)
  An ooze (D:2)
  3 worms
  13 dart slugs
  2 leopard geckos
  7 orcs (D:3)
  2 ball pythons
  8 bats
  2 giant cockroaches (D:3)
  11 hobgoblins
  5 jackals
  6 kobolds
  4 frilled lizards
  3 goblins
  8 rats
86 creatures vanquished.

Notes
Turn   | Place    | Note
-------+----------+-------------------------------------------
     0 | D:1      | zishaf the Vine Stalker Assassin began the quest for the
                  | Orb.
     0 | D:1      | Reached XP level 1. HP: 11/11 MP: 2/2
   168 | D:1      | Reached skill level 1 in Dodging
   168 | D:1      | Reached XP level 2. HP: 15/15 MP: 3/3
   225 | D:1      | Reached skill level 5 in Stealth
   947 | D:2      | Reached XP level 3. HP: 14/18 MP: 4/4
  1311 | D:2      | Gained mutation: Your natural rate of healing is unusually
                  | fast. [Vine Stalker growth]
  1311 | D:2      | Reached XP level 4. HP: 4/23 MP: 5/5
  1785 | D:2      | Found a runed translucent door.
  1786 | D:2      | Noticed Crazy Yiuf
  2030 | D:2      | Killed Crazy Yiuf
  2030 | D:2      | Reached skill level 1 in Armour
  2181 | D:2      | Reached XP level 5. HP: 3/27 MP: 3/6
  2675 | D:3      | Found a stormy altar of Qazlal.
  2711 | D:3      | Reached XP level 6. HP: 30/32 MP: 7/7
  3104 | D:3      | Noticed Grinder
  3138 | D:3      | HP: 1/32 [Grinder (3)]
  3139 | D:3      | Slain by Grinder

Skill      XL: |  1  2  3  4  5  6 |
---------------+-------------------+-----
Dodging        | 1 2 |  2.1
Stealth        | 5 |  5.9
Fighting       | 2 |  2.8
Short Blades   | 2 3 |  3.6
Throwing       | 2 |  2.0
Armour         | 1 |  1.6

Action                   |  1- 3 |  4- 6 || total
-------------------------+-------+-------++-------
Melee: Dagger            |    73 |   229 ||   302
       Bite              |    17 |    85 ||   102
 Fire: Blowgun           |       |     3 ||     3
  Use: Potion            |     3 |     1 ||     4
 Stab: Sleeping          |    10 |     4 ||    14
  Eat: Chunk             |     1 |     6 ||     7
Armor: Leather armour    |    23 |    68 ||    91
Dodge: Dodged            |    40 |   132 ||   172
